 Dungeon Crawl Stone Soup version 0.26-a0-651-gb41185065b (webtiles) character file.

Game seed: 13004589225597131553

8981 Flugslaktarn the Cleaver (level 11, -1/106 HPs)
             Began as a Deep Dwarf Fighter on Oct 12, 2020.
             Was a Follower of Makhleb.
             Slain by a fire elemental (10 damage)
             ... summoned by a deep elf mage
             ... on level 10 of the Dungeon.
             The game lasted 00:04:51 (7133 turns).

Flugslaktarn the Cleaver (Deep Dwarf Fighter)       Turns: 7133, Time: 00:04:52

Health: -1/106     AC: 18    Str: 21    XL:     11   Next: 17%
Magic:  4/4        EV:  8    Int:  8    God:    Makhleb [*.....]
Gold:   574        SH: 10    Dex: 15    Spells: 10/10 levels left

rFire    . . .     SeeInvis .   a - +1 war axe
rCold    . . .     Faith    .   c - +0 kite shield
rNeg     . . .     Spirit   .   e - +0 plate armour
rPois    .         Reflect  .   (no helmet)
rElec    .         Harm     .   A - +0 cloak
rCorr    .         Rampage  .   (no gloves)
MR       +....                  p - +2 pair of boots
Stlth    ..........             (no amulet)
HPRegen  0.00/turn              (no ring)
MPRegen  0.09/turn              (no ring)

@: non-regenerating
A: damage resistance, heal wounds, sense surroundings 2, no regeneration
a: Heal Wounds, Renounce Religion


You were on level 10 of the Dungeon.
You worshipped Makhleb.
Makhleb was aware of your devotion.
You visited 2 branches of the dungeon, and saw 11 of its levels.

You collected 574 gold pieces.

Inventory:

Hand Weapons
 a - a +1 war axe (weapon)
Missiles
 b - 2 throwing nets (quivered)
Armour
 c - a +0 kite shield (worn)
 e - a +0 plate armour (worn)
   (You took it off an orc warrior on level 5 of the Dungeon)
 p - a +2 pair of boots (worn)
   (You found it on level 5 of the Dungeon)
 A - a +0 cloak (worn)
   (You found it on level 7 of the Dungeon)
Wands
 w - a wand of enslavement (4)
   (You found it on level 7 of the Dungeon)
 y - a wand of acid (7)
   (You found it on level 7 of the Dungeon)
Scrolls
 d - a scroll of fog
 l - a scroll of magic mapping
 o - 2 scrolls of immolation
 r - 2 scrolls of identify
 t - a scroll of teleportation
 x - 7 scrolls of remove curse
 z - a scroll of blinking
Potions
 f - 2 potions of mutation
 g - 3 potions of heal wounds
 h - a potion of haste
 i - a potion of invisibility
 j - a potion of cancellation
 k - a potion of magic
 m - a potion of degeneration {unknown}
 n - 2 potions of resistance
 q - a potion of curing
 v - a potion of flight


   Skills:
 * Level 9.3 Fighting
 * Level 10.8 Axes
 + Level 8.2 Armour
 + Level 7.0 Dodging
 - Level 4.0 Shields
 + Level 2.9 Invocations
 + Level 5.3 Evocations


You had 10 spell levels left.
You didn't know any spells.
Your spell library was empty.

Dungeon Overview and Level Annotations

Branches:
Dungeon (10/15)            Temple (1/1) D:5
   Lair: D:8-11         Orc: D:9-12

Altars:
Ashenzari
Cheibriados
Dithmenos
Elyvilon
Fedhas
Gozag
Hepliaklqana
Kikubaaqudgha
Makhleb
Nemelex Xobeh
Okawaru
Qazlal
Ru
Sif Muna
Trog
Uskayaw
Vehumet
Wu Jian
Xom
Yredelemnul
Zin
The Shining One

Shops:
D:5 (

Annotations:
D:5 2 transporters


Innate Abilities, Weirdness & Mutations

You are resistant to damage.
You can heal yourself by infusing magical energy.
You passively map the area around you.
You do not regenerate.


Message History

The bullfrog hits you but does no damage.
You slash the bullfrog!
The bullfrog is severely wounded.
A scorpion comes into view.
The bullfrog barely misses you.
You closely miss the bullfrog.
The bullfrog is severely wounded.
You block the bullfrog's attack.
The bullfrog hits you but does no damage.
You slash the bullfrog!
You kill the bullfrog!
Makhleb accepts your kill.
You slash the deep elf mage! You slash the fire elemental!
The fire elemental hits you. The fire elemental burns you!
A sky beast comes into view.
The deep elf mage points at you and mumbles some strange words.
The bolt of fire hits you!!
* * * LOW HITPOINT WARNING * * *
The fire elemental hits you. The fire elemental burns you!
You die...

# #.# ≈ * > ≈##.# ≈ ≈
#.###Y####* ≈≈#.# * ≈
#.#.s....# ≈≈≈.#
*#.#○....)# ≈≈≈≈## * *
#.#○.....# ≈≈≈≈≈#
#.#.°....#
≈≈≈≈≈##########.#○.....#
≈≈≈†.##.........EeE....#
####.##.........@†....!#
#.)'...................#
#.#'.#.........).......#
#(.'..............######
####.####.(.......#
##.†.+ ,#.........#
#..#.+ #.........#
#....+ ###.....###
#.#).##* #.#####


You could see a deep elf mage, 2 fire elementals, a sky beast and a scorpion.

Vanquished Creatures
  A two-headed ogre (D:9)
  Pikel (D:4)
  An ugly thing (D:8)
  Joseph (D:7)
  A troll (D:9)
  2 polar bears (D:9)
  A hippogriff (D:9)
  Sigmund (D:2)
  2 yaks (D:9)
  2 water moccasins (D:9)
  5 ice beasts
  5 orc warriors
  3 sky beasts
  4 centaurs
  7 phantoms
  A necrophage (D:7)
  5 ogres
  A wolf (D:9)
  A crocodile (D:8)
  5 bullfrogs
  4 scorpions
  23 killer bees
  2 electric eels
  A howler monkey (D:5)
  2 centaur zombies
  A bullfrog zombie (D:6)
  A quasit (D:6)
  2 jellies (D:6)
  6 orc priests
  2 hounds (D:8)
  3 bullfrog skeletons
  8 orc wizards
  2 iguanas
  Terence (D:2)
  5 worker ants
  2 centaur simulacra (D:9)
  A howler monkey zombie (D:7)
  A worker ant zombie (D:8)
  8 adders
  11 gnolls
  3 white imps
  3 ufetubi
  5 worms
  4 dart slugs
  3 leopard geckos
  39 orcs
  7 bats
  2 giant cockroaches
  3 goblins
  8 hobgoblins
  3 jackals (D:2)
  A ball python (D:4)
  4 frilled lizards
  A giant cockroach zombie (D:6)
  2 gnoll zombies (D:2)
  8 kobolds
  2 leopard gecko skeletons
  2 quokka skeletons
  A quokka zombie (D:6)
  7 rats
244 creatures vanquished.

Vanquished Creatures (others)
  6 fungi (D:10)
  11 plants (D:10)
17 creatures vanquished.

Grand Total: 261 creatures vanquished

Notes
Turn   | Place    | Note
-------+----------+-------------------------------------------
     0 | D:1      | Flugslaktarn the Deep Dwarf Fighter began the quest for the
                  | Orb.
     0 | D:1      | Reached XP level 1. HP: 20/20 MP: 1/1
    65 | D:2      | Noticed Sigmund
    66 | D:2      | Reached XP level 2. HP: 22/27 MP: 2/2
    83 | D:2      | Killed Sigmund
    83 | D:2      | Reached skill level 3 in Axes
    83 | D:2      | Reached XP level 3. HP: 23/36 MP: 2/2
    83 | D:2      | Reached XP level 4. HP: 29/44 MP: 3/3
    83 | D:2      | Reached XP level 5. HP: 33/50 MP: 4/4
   187 | D:2      | Reached skill level 4 in Axes
   510 | D:4      | Noticed a lemure
   510 | D:4      | Noticed a lemure
   510 | D:4      | Noticed a lemure
   512 | D:4      | Noticed Pikel
   513 | D:4      | Noticed a lemure
   557 | D:4      | Killed Pikel
   557 | D:4      | Reached skill level 5 in Fighting
   557 | D:4      | Reached skill level 5 in Axes
   557 | D:4      | Reached XP level 6. HP: 33/61 MP: 4/4
   557 | D:4      | Reached XP level 7. HP: 36/67 MP: 5/5
   732 | D:4      | Reached skill level 5 in Armour
  1085 | D:4      | Reached skill level 6 in Axes
  1347 | D:5      | Entered Level 5 of the Dungeon
  1532 | D:5      | Reached XP level 8. HP: 44/75 MP: 6/6
  1602 | D:5      | Found a staircase to the Ecumenical Temple.
  1603 | D:5      | Found a transporter.
  1603 | D:5      | Found a broken altar of Ashenzari.
  1613 | Temple   | Entered the Ecumenical Temple
  1989 | D:5      | Found a transporter.
  2150 | D:5      | Found Guh Gigu's Antique Weapon Boutique.
  2333 | D:5      | Found a sparkling altar of Nemelex Xobeh.
  2550 | D:6      | Reached skill level 7 in Axes
  2869 | D:6      | Gained mutation: You passively map the area around you.
                  | [Deep Dwarf growth]
  2869 | D:6      | Reached XP level 9. HP: 54/85 MP: 5/5
  2899 | D:6      | Found a snail-covered altar of Cheibriados.
  2900 | D:6      | Found a shimmering altar of Xom.
  2916 | D:6      | Reached skill level 8 in Axes
  2978 | D:6      | Found a shimmering blue altar of Sif Muna.
  3082 | D:6      | Found a glowing golden altar of the Shining One.
  3213 | D:6      | Reached skill level 5 in Dodging
  3305 | D:6      | Found a hide-covered altar of Uskayaw.
  3369 | D:6      | Found a glowing silver altar of Zin.
  3369 | D:6      | Noticed an angel
  3516 | D:7      | Found an iron altar of Okawaru.
  3568 | D:7      | Noticed Joseph
  3594 | D:7      | Killed Joseph
  3746 | D:7      | Reached skill level 1 in Evocations
  3826 | D:7      | Reached skill level 9 in Axes
  4350 | D:8      | Noticed a purple ugly thing
  4390 | D:8      | Killed a purple ugly thing
  4390 | D:8      | Reached XP level 10. HP: 34/96 MP: 4/4
  4958 | D:2      | Found a basalt altar of Yredelemnul.
  5227 | D:2      | Noticed Terence
  5236 | D:2      | Killed Terence
  5516 | D:8      | Found a burning altar of Makhleb.
  5872 | D:8      | Found a shadowy altar of Dithmenos.
  6032 | D:9      | Reached skill level 10 in Axes
  6097 | D:8      | Found a sacrificial altar of Ru.
  6106 | D:8      | Became a worshipper of Makhleb the Destroyer
  6160 | D:9      | Reached skill level 1 in Invocations
  6358 | D:9      | Reached * piety under Makhleb
  6622 | D:9      | Noticed a two-headed ogre
  6643 | D:9      | Killed a two-headed ogre
  6643 | D:9      | Reached skill level 5 in Evocations
  6643 | D:9      | Reached XP level 11. HP: 57/106 MP: 4/4
  7032 | D:10     | Entered Level 10 of the Dungeon
  7126 | D:10     | Noticed a deep elf mage
  7133 | D:10     | Slain by a fire elemental

Illustrated notes

Levels and vault maps discovered:
D:1:      nzn_arrival_water_spiral, layout_basic
D:2:      layout_basic, lemuel_zombie_altar_yredelemnul, uniq_sigmund,
          uniq_terence
D:3:      layout_basic
D:4:      layout_loops_ring, hangedman_decor_riveting, bh_walls_and_bars,
          uniq_pikel
D:5:      gammafunk_cloud_chamber, layout_basic, kennysheep_mini,
          ashenzari_altar_1, minmay_temple_entry_statues_fountains,
          serial_shops, shop_statue
D:6:      layout_basic, zin_angel, kennysheep_little_box, tso_metal_star,
          lemuel_doored_altar, chequers_temple_overflow_statue_of_worship,
          minmay_misc_feat_diagonals, minmay_crystal_water
D:7:      layout_loops_corners, okawaru_ov_weapons_minmay,
          kennysheep_generic_room_12, uniq_joseph
D:8:      layout_gridville, nicolae_dithmenos_shadow_blocks,
          nicolae_overflow_hidden_temple
D:9:      layout_stronghold, serial_ice, serial_ice_m, serial_ice_l,
          serial_ice_h, serial_ice_o
D:10:     layout_basic, grunt_lair_entry_orc_guard_hut, david_orc_4,
          serial_shops, shop, eino_jars
Temple:   nicolae_temple_figure_zero

Skill      XL: |  1  2  3  4  5  6  7  8  9 10 11 |
---------------+----------------------------------+-----
Fighting       | 3 5 6 8 9 |  9.3
Axes           | 3 5 6 7 9 10 | 10.8
Armour         | 4 5 6 7 8 |  8.2
Shields        | 4 |  4.0
Dodging        | 2 3 4 5 6 7 |  7.0
Evocations     | 2 5 |  5.3
Invocations    | 2 |  2.9

Action                   |  1- 3 |  4- 6 |  7- 9 | 10-12 || total
-------------------------+-------+-------+-------+-------++-------
Melee: War axe           |    19 |   106 |   533 |   454 ||  1112
 Abil: Heal Wounds       |     1 |     2 |    20 |    18 ||    41
  Use: Potion            |     1 |       |     1 |     3 ||     5
       Scroll            |       |       |       |    17 ||    17
Armor: Scale mail        |    13 |    61 |    29 |       ||   103
       Plate armour      |       |       |   210 |   381 ||   591
       Skin              |       |       |    13 |     2 ||    15
Dodge: Dodged            |     5 |    36 |   127 |   216 ||   384
Block: Kite shield       |     5 |    70 |   255 |   339 ||   669

Table legend: (Time is in decaauts)
 A = Elapsed time spent in this place.
 B = Non-inter-level travel time spent in this place.
 C = Inter-level travel time spent in this place.
 D = Time resting spent in this place.
 E = Time spent auto-exploring this place.
 F = Levels seen in this place.
 G = Mean time per level.
                   A        B        C        D        E       F      G
               +--------+--------+--------+--------+--------+-----+--------+
         Total |   7332 |   6868 |    464 |      0 |   4808 |  11 |  666.5 |
       Dungeon |   7214 |   6759 |    455 |      0 |   4701 |  10 |  721.4 |
        Temple |    117 |    108 |      9 |      0 |    107 |   1 |  117.0 |
               +--------+--------+--------+--------+--------+-----+--------+

Top non-repeatable levels by time:
     D:5: 1113 daAuts
     D:6: 1061 daAuts
     D:9: 1054 daAuts
     D:4: 931 daAuts
     D:7: 913 daAuts
     D:2: 763 daAuts
     D:8: 664 daAuts
     D:3: 568 daAuts
  Temple: 117 daAuts
    D:10: 102 daAuts
     D:1: 41 daAuts
